TOP OF THE 1ST |
Utica Unicorns batting - Pitching for Richmond Flairs : RHP Bryce Davis
|
Pitching: RHP Bryce Davis
|
|
Batting: LHB Raúl Morales
|
0-0: Ball 1-0: Ball 2-0: Fly out, F7 (Flyball, 7S)
|
Batting: RHB Justin Geoghegan
|
0-0: Foul Ball, location: 2F 0-1: Ball 1-1: Swinging Strike 1-2: Fly out, F7 (Flyball, 78M)
|
Batting: LHB José Román
|
0-0: Ball 1-0: Fly out, F8 (Line Drive, 8LD)
|
Top of the 1st over - 0 runs, 0 hits, 0 errors, 0 left on base; Utica 0 - Richmond 0 |
BOTTOM OF THE 1ST |
Richmond Flairs batting - Pitching for Utica Unicorns : RHP Alberto Parra
|
Pitching: RHP Alberto Parra
|
|
Batting: RHB Iván De Jesús
|
0-0: Ball 1-0: Ball 2-0: Swinging Strike 2-1: Foul Ball, location: 2F 2-2: Strikes out swinging
|
Batting: LHB R.J. Courtney
|
0-0: Ball 1-0: Ball 2-0: Foul Ball, location: 2F 2-1: Foul Ball, location: 2F 2-2: Ball 3-2: Strikes out swinging
|
Batting: LHB Luis Villa
|
0-0: Called Strike 0-1: Fly out, F8 (Flyball, 8LS)
|
Bottom of the 1st over - 0 runs, 0 hits, 0 errors, 0 left on base; Utica 0 - Richmond 0 |
TOP OF THE 2ND |
Utica Unicorns batting - Pitching for Richmond Flairs : RHP Bryce Davis
|
Batting: LHB Pablo Reyes
|
0-0: Fly out, F3 (Popup, 34)
|
Batting: RHB Kenny Cole
|
0-0: Called Strike 0-1: Foul Ball, location: 2F 0-2: Foul Ball, location: 2F 0-2: Ball 1-2: Foul Ball, location: 2F 1-2: Foul Ball, location: 2F 1-2: Foul Ball, location: 2F 1-2: Fly out, F9 (Flyball, 9LS)
|
Batting: RHB Micheal Banks
|
0-0: Called Strike 0-1: Swinging Strike 0-2: Ball 1-2: Strikes out swinging
|
Top of the 2nd over - 0 runs, 0 hits, 0 errors, 0 left on base; Utica 0 - Richmond 0 |
BOTTOM OF THE 2ND |
Richmond Flairs batting - Pitching for Utica Unicorns : RHP Alberto Parra
|
Batting: LHB Roland Jones
|
0-0: Ball 1-0: Ball 2-0: Swinging Strike 2-1: Foul Ball, location: 2F 2-2: Strikes out swinging
|
Batting: RHB R.J. Crosby
|
0-0: Called Strike 0-1: Ball 1-1: Foul Ball, location: 2F 1-2: Fly out, F9 (Flyball, 9S)
|
Batting: RHB Miguel Hernández
|
0-0: Called Strike 0-1: Foul Ball, location: 2F 0-2: Strikes out looking
|
Bottom of the 2nd over - 0 runs, 0 hits, 0 errors, 0 left on base; Utica 0 - Richmond 0 |
TOP OF THE 3RD |
Utica Unicorns batting - Pitching for Richmond Flairs : RHP Bryce Davis
|
Batting: RHB John Jones
|
0-0: Called Strike 0-1: Ball 1-1: Ball 2-1: Ground out 4-3 (Groundball, 4D)
|
Batting: RHB Marcos Castillo
|
0-0: Ball 1-0: Called Strike 1-1: Called Strike 1-2: Fly out, F4 (Line Drive, 4)
|
Batting: RHB John Little
|
0-0: Called Strike 0-1: Ball 1-1: Ground out 5-3 (Groundball, 56S)
|
Top of the 3rd over - 0 runs, 0 hits, 0 errors, 0 left on base; Utica 0 - Richmond 0 |
BOTTOM OF THE 3RD |
Richmond Flairs batting - Pitching for Utica Unicorns : RHP Alberto Parra
|
Batting: RHB Christian Hudson
|
0-0: Foul Ball, location: 2F 0-1: Swinging Strike 0-2: Ball 1-2: Strikes out swinging
|
Batting: RHB Jack Ray
|
0-0: Called Strike 0-1: Ball 1-1: Called Strike 1-2: Foul Ball, location: 2F 1-2: Foul Ball, location: 2F 1-2: Foul Ball, location: 2F 1-2: Strikes out swinging
|
Batting: SHB Carlos Reyes
|
0-0: SINGLE (Groundball, 6MD)
|
Batting: RHB Iván De Jesús
|
0-0: Ball 1-0: Fly out, F8 (Line Drive, 8RXD)
|
Bottom of the 3rd over - 0 runs, 1 hit, 0 errors, 1 left on base; Utica 0 - Richmond 0 |
TOP OF THE 4TH |
Utica Unicorns batting - Pitching for Richmond Flairs : RHP Bryce Davis
|
Batting: LHB Raúl Morales
|
0-0: Called Strike 0-1: Called Strike 0-2: Strikes out swinging
|
Batting: RHB Justin Geoghegan
|
0-0: Foul Ball, location: 2F 0-1: Foul Ball, location: 2F 0-2: Ball 1-2: Ball 2-2: Ball 3-2: Foul Ball, location: 2F 3-2: Ground out 4-3 (Groundball, 4)
|
Batting: LHB José Román
|
0-0: Swinging Strike 0-1: Swinging Strike 0-2: Foul Ball, location: 2F 0-2: Ground out 4-3 (Groundball, 4)
|
Top of the 4th over - 0 runs, 0 hits, 0 errors, 0 left on base; Utica 0 - Richmond 0 |
BOTTOM OF THE 4TH |
Richmond Flairs batting - Pitching for Utica Unicorns : RHP Alberto Parra
|
Batting: LHB R.J. Courtney
|
0-0: Called Strike 0-1: Ball 1-1: Ball 2-1: Ball 3-1: Called Strike 3-2: Foul Ball, location: 2F 3-2: DOUBLE (Line Drive, 78XD)
|
Batting: LHB Luis Villa
|
0-0: Called Strike 0-1: Ball 1-1: Ball 2-1: Ball 3-1: SINGLE (Flyball, 9S) R.J. Courtney to third
|
Batting: LHB Roland Jones
|
0-0: Fielders Choice at 2nd, 4-6 (Groundball, 4M) R.J. Courtney scores
|
Batting: RHB R.J. Crosby
|
0-0: Ball 1-0: Fly out, F8 (Flyball, 8RXD)
|
Batting: RHB Miguel Hernández
|
0-0: Foul Ball, location: 2F 0-1: Foul Ball, location: 2F 0-2: Ball 1-2: Ball 2-2: Foul Ball, location: 2F 2-2: Strikes out swinging
|
Bottom of the 4th over - 1 run, 2 hits, 0 errors, 1 left on base; Utica 0 - Richmond 1 |
TOP OF THE 5TH |
Utica Unicorns batting - Pitching for Richmond Flairs : RHP Bryce Davis
|
Batting: LHB Pablo Reyes
|
0-0: Called Strike 0-1: Foul Ball, location: 2F 0-2: Foul Ball, location: 2F 0-2: Foul Ball, location: 2F 0-2: Hit by Pitch
|
Batting: RHB Kenny Cole
|
0-0: Ground out 5-3 (Groundball, 56S) Pablo Reyes to second
|
Batting: RHB Micheal Banks
|
0-0: Swinging Strike 0-1: Ball 1-1: Foul Ball, location: 2F 1-2: Strikes out swinging
|
Batting: RHB John Jones
|
0-0: Called Strike 0-1: Ball 1-1: Foul Ball, location: 2F 1-2: Hit by Pitch
|
Batting: RHB Marcos Castillo
|
0-0: Ball 1-0: Foul Ball, location: 2F 1-1: Called Strike 1-2: Ball 2-2: DOUBLE (Line Drive, 89D) Pablo Reyes scores John Jones to third Runner from 3rd tries for Home, SAFE, throw made at trailing runner, OUT at third!
|
Top of the 5th over - 2 runs, 1 hit, 0 errors, 0 left on base; Utica 2 - Richmond 1 |
BOTTOM OF THE 5TH |
Richmond Flairs batting - Pitching for Utica Unicorns : RHP Alberto Parra
|
Batting: RHB Christian Hudson
|
0-0: Ball 1-0: Called Strike 1-1: Swinging Strike 1-2: Strikes out swinging
|
Batting: RHB Jack Ray
|
0-0: Ball 1-0: Foul Ball, location: 2F 1-1: Called Strike 1-2: Ball 2-2: Ball 3-2: Base on Balls
|
Batting: SHB Carlos Reyes
|
0-0: Called Strike 0-1: Swinging Strike 0-2: Ball 1-2: Strikes out swinging
|
Batting: RHB Iván De Jesús
|
0-0: Fly out, F7 (Flyball, 7S)
|
Bottom of the 5th over - 0 runs, 0 hits, 0 errors, 1 left on base; Utica 2 - Richmond 1 |
TOP OF THE 6TH |
Utica Unicorns batting - Pitching for Richmond Flairs : RHP Bryce Davis
|
Batting: RHB John Little
|
0-0: Called Strike 0-1: Ball 1-1: Swinging Strike 1-2: Ground out 4-3 (Groundball, 4)
|
Batting: LHB Raúl Morales
|
0-0: DOUBLE (Line Drive, 9LM)
|
Batting: RHB Justin Geoghegan
|
0-0: Called Strike 0-1: Called Strike 0-2: Ball 1-2: Foul Ball, location: 2F 1-2: Foul Ball, location: 2F 1-2: Hit by Pitch
|
Batting: LHB José Román
|
0-0: Ball Justin Geoghegan steals 2nd base Raúl Morales to third 1-0: Called Strike 1-1: Ball 2-1: Called Strike 2-2: SINGLE (Groundball, 5D) Raúl Morales scores Justin Geoghegan to third Runner from 3rd tries for Home, SAFE, no throw
|
Batting: LHB Pablo Reyes
|
0-0: Ball 1-0: Foul Ball, location: 2F 1-1: Ball 2-1: Foul Ball, location: 2F 2-2: Fielders Choice at 2nd, 3-6 (Groundball, 3)
|
Batting: RHB Kenny Cole
|
0-0: Foul Ball, location: 2F 0-1: Ball 1-1: Called Strike 1-2: Ball 2-2: Ball 3-2: Foul Ball, location: 2F 3-2: Ground out 5-3 (Groundball, 56)
|
Top of the 6th over - 2 runs, 2 hits, 0 errors, 1 left on base; Utica 4 - Richmond 1 |
BOTTOM OF THE 6TH |
Richmond Flairs batting - Pitching for Utica Unicorns : RHP Alberto Parra
|
Batting: LHB R.J. Courtney
|
0-0: Ground out 4-3 (Groundball, 4)
|
Batting: LHB Luis Villa
|
0-0: DOUBLE (Flyball, 8RXD)
|
Batting: LHB Roland Jones
|
0-0: Fly out, F7 (Flyball, 78D)
|
Batting: RHB R.J. Crosby
|
0-0: Called Strike 0-1: Ball 1-1: Reached on error, E6 (Groundball, 6) Luis Villa to third
|
Batting: RHB Miguel Hernández
|
0-0: Foul Ball, location: 2F 0-1: Ball 1-1: Called Strike 1-2: Ball 2-2: Ball 3-2: Fly out, F4 (Line Drive, 4M)
|
Bottom of the 6th over - 0 runs, 1 hit, 1 error, 2 left on base; Utica 4 - Richmond 1 |
TOP OF THE 7TH |
Utica Unicorns batting - Pitching for Richmond Flairs : RHP Bryce Davis
|
Pitching: RHP Alfonso Luna
|
|
Batting: RHB Micheal Banks
|
0-0: Called Strike 0-1: Called Strike 0-2: Strikes out swinging
|
Batting: RHB John Jones
|
0-0: SOLO HOME RUN (Flyball, 7LD), Distance : 332 ft
|
Batting: RHB Marcos Castillo
|
0-0: Ball 1-0: Ball 2-0: Swinging Strike 2-1: Ground out 3-1 (Groundball, 34S)
|
Batting: RHB John Little
|
0-0: Ball 1-0: Ball 2-0: Ball 3-0: Called Strike 3-1: Base on Balls
|
Batting: LHB Raúl Morales
|
0-0: Ball 1-0: Ball 2-0: Called Strike 2-1: Foul Ball, location: 2F 2-2: Strikes out swinging
|
Top of the 7th over - 1 run, 1 hit, 0 errors, 1 left on base; Utica 5 - Richmond 1 |
BOTTOM OF THE 7TH |
Richmond Flairs batting - Pitching for Utica Unicorns : RHP Alberto Parra
|
Batting: RHB Christian Hudson
|
0-0: Ball 1-0: Foul Ball, location: 2F 1-1: Swinging Strike 1-2: Foul Ball, location: 2F 1-2: Foul Ball, location: 2F 1-2: Ball 2-2: Foul Ball, location: 2F 2-2: Foul Ball, location: 2F 2-2: Ball 3-2: Base on Balls
|
Pitching: RHP Robert Martin
|
|
Batting: RHB Jack Ray
|
0-0: Ball 1-0: Called Strike 1-1: Swinging Strike 1-2: Foul Ball, location: 2F 1-2: Ball 2-2: Foul Ball, location: 2F 2-2: Ball 3-2: Strikes out swinging
|
Batting: SHB Carlos Reyes
|
0-0: Ball 1-0: Ball 2-0: Foul Ball, location: 2F 2-1: Swinging Strike 2-2: Strikes out looking
|
Batting: RHB Iván De Jesús
|
0-0: Ball 1-0: Called Strike 1-1: Ball 2-1: Ball 3-1: Called Strike 3-2: Foul Ball, location: 2F 3-2: Ground out U3 (Groundball, 34)
|
Bottom of the 7th over - 0 runs, 0 hits, 0 errors, 1 left on base; Utica 5 - Richmond 1 |
TOP OF THE 8TH |
Utica Unicorns batting - Pitching for Richmond Flairs : RHP Alfonso Luna
|
Batting: RHB Justin Geoghegan
|
0-0: Foul Ball, location: 2F 0-1: Foul Ball, location: 2F 0-2: Fly out, F7 (Flyball, 7LDF)
|
Batting: LHB José Román
|
0-0: Ball 1-0: Swinging Strike 1-1: Swinging Strike 1-2: Fly out, F7 (Flyball, 7LSF)
|
Batting: LHB Pablo Reyes
|
0-0: Swinging Strike 0-1: Called Strike 0-2: Foul Ball, location: 2F 0-2: Ball 1-2: Foul Ball, location: 2F 1-2: Foul Ball, location: 2F 1-2: Ball 2-2: Strikes out swinging, 2-3 out at first.
|
Top of the 8th over - 0 runs, 0 hits, 0 errors, 0 left on base; Utica 5 - Richmond 1 |
BOTTOM OF THE 8TH |
Richmond Flairs batting - Pitching for Utica Unicorns : RHP Robert Martin
|
Batting: LHB R.J. Courtney
|
0-0: Ball 1-0: Fly out, F4 (Line Drive, 34D)
|
Batting: LHB Luis Villa
|
0-0: Called Strike 0-1: Fly out, F9 (Flyball, 89M)
|
Batting: LHB Roland Jones
|
0-0: Called Strike 0-1: Ball 1-1: Ground out 6-3 (Groundball, 6)
|
Bottom of the 8th over - 0 runs, 0 hits, 0 errors, 0 left on base; Utica 5 - Richmond 1 |
TOP OF THE 9TH |
Utica Unicorns batting - Pitching for Richmond Flairs : RHP Alfonso Luna
|
Pitching: RHP Frank Martin
|
|
Batting: RHB Kenny Cole
|
0-0: Ball 1-0: Ball 2-0: Called Strike 2-1: Reached on error, E6 (Groundball, 6)
|
Batting: RHB Micheal Banks
|
0-0: Ball 1-0: Called Strike 1-1: SINGLE (Line Drive, 7S) Kenny Cole to third Runner from 3rd tries for Home, SAFE, no throw
|
Batting: RHB John Jones
|
0-0: Called Strike 0-1: Called Strike 0-2: Strikes out swinging
|
Batting: RHB Marcos Castillo
|
0-0: Called Strike 0-1: Called Strike 0-2: Ball 1-2: Fly out, F9 (Flyball, 89M)
|
Batting: RHB John Little
|
0-0: Called Strike 0-1: Foul Ball, location: 2F 0-2: Fly out, F7 (Flyball, 7)
|
Top of the 9th over - 1 run, 1 hit, 1 error, 1 left on base; Utica 6 - Richmond 1 |
BOTTOM OF THE 9TH |
Richmond Flairs batting - Pitching for Utica Unicorns : RHP Robert Martin
|
Batting: RHB R.J. Crosby
|
0-0: Ground out 5-3 (Groundball, 56)
|
Batting: RHB Miguel Hernández
|
0-0: Ball 1-0: Ball 2-0: Ground out 6-3 (Groundball, 6)
|
Batting: RHB Christian Hudson
|
0-0: Ball 1-0: Ground out 6-3 (Groundball, 6)
|
Bottom of the 9th over - 0 runs, 0 hits, 0 errors, 0 left on base; Utica 6 - Richmond 1 |
|